 Dungeon Crawl Stone Soup version 0.31-a0-986-g5e6e4ef867 (webtiles) character file.

Game seed: 11683661197767812293

6181 Maxmaps the Grappler (level 10, -4/66 HPs)
             Began as an Octopode Shapeshifter on Nov 6, 2023.
             Shot with an arrow by a centaur (12 damage)
             ... while paralysed by a hornet
             ... on level 9 of the Dungeon.
             The game lasted 00:15:45 (11521 turns).

Maxmaps the Grappler (Octopode Shapeshifter)       Turns: 11521, Time: 00:15:45

Health: -4/66      AC:  5    Str: 13    XL:     10   Next: 91%
Magic:  10/10      EV:  2    Int: 18    God:
Gold:   476        SH:  0    Dex: 11    Spells: 9/9 levels left

rFire   + .          .
                       - Unarmed
rCold   . . .        (shield currently unavailable)
rNeg    . . .        (helmet restricted)
rPois   .            q - amulet of magic regeneration
rElec   +            a - ring of Sepoph {rElec AC+4 Stlth+}
rCorr   .            l - ring of protection from fire
SInv    .            (no ring)
Will    .....        (no ring)
Stlth   +++          (no ring)
HPRegen 0.31/turn    (no ring)
MPRegen 0.52/turn    (no ring)
                     (no ring)

%: no passive effects
@: paralysed, lethally poisoned (-4 -> -13), flux-form, slowed, glowing
A: glow, contaminating, almost no armour, amphibious, 8 rings, camouflage 1,
gelatinous body 1, nimble swimmer 1, tentacles
a: Begin Untransformation


You were on level 9 of the Dungeon.
You were something dangerously unstable.
You visited 2 branches of the dungeon, and saw 10 of its levels.
You also visited: Sewer.

You collected 476 gold pieces.

Inventory:

Hand Weapons
 s - a +2 long sword of holy wrath
Missiles
 A - a throwing net
Armour
 B - a +0 buckler
Jewellery
 a - the ring of Sepoph (left tentacle) {rElec AC+4 Stlth+}
   (You acquired it on level 5 of the Dungeon)

   [ring of protection]

   AC+4:      It affects your AC (+4).
   rElec:     It insulates you from electricity.
   Stlth+:    It makes you more stealthy.
 h - a ring of ice
 l - a ring of protection from fire (right tentacle)
 q - an amulet of magic regeneration (around mantle)
 z - a ring of see invisible
Talismans
 b - a beast talisman
 c - a flux talisman (active)
Wands
 k - a wand of polymorph (11)
 u - a wand of roots (4)
 y - a wand of paralysis (12)
Scrolls
 d - 3 scrolls of identify
 e - 2 scrolls of blinking
 f - a scroll of enchant weapon
 i - 2 scrolls of immolation
 n - a scroll of teleportation
 p - a scroll of fog
 r - a scroll of noise
 w - 3 scrolls of enchant armour
Potions
 g - 2 potions of brilliance
 j - a potion of ambrosia
 m - a potion of cancellation
 o - 2 potions of haste
 t - a potion of mutation
 v - 2 potions of enlightenment
 x - a potion of degeneration {unknown}


   Skills:
 - Level 5.0 Fighting
 - Level 6.1 Dodging
 - Level 5.2 Stealth
 - Level 9.0 Unarmed Combat
 - Level 8.0 Evocations
 + Level 7.8 Shapeshifting


You had 9 spell levels left.
You didn't know any spells.
Your spell library contained the following spells:

 Spells                   Type           Power      Damage    Failure   Level
 Freeze                   Ice            0%         1d3       22%         1
 Kiss of Death            Conj/Necr      0%         2d5       22%         1
 Necrotise                Necr           0%         1d4       22%         1
 Blink                    Tloc           0%         N/A       32%         2
 Ensorcelled Hibernation  Hex/Ice        0%         N/A       32%         2
 Jinxbite                 Hex            0%         N/A       32%         2
 Confusing Touch          Hex            0%         N/A       54%         3
 Dazzling Flash           Conj/Hex       0%         N/A       54%         3
 Frozen Ramparts          Ice            0%         1d1       54%         3
 Hailstorm                Conj/Ice       0%         3d3       54%         3
 Vampiric Draining        Necr           0%         2d6       54%         3
 Anguish                  Hex/Necr       0%         N/A       91%         4
 Dispel Undead            Necr           0%         3d6       91%         4
 Manifold Assault         Tloc           0%         N/A       91%         4
 Olgreb's Toxic Radiance  Pois           0%         N/A       91%         4
 Agony                    Necr           0%         N/A       99%         5
 Silence                  Hex/Air        0%         N/A       99%         5
 Discord                  Hex            0%         N/A       100%        8
 Ignition                 Fire           0%         3d3       100%        8


Dungeon Overview and Level Annotations

Branches:
Dungeon (9/15)             Temple (1/1) D:4           Sewer (visited)
   Lair: D:8-11         Orc: D:9-12

Altars:
Cheibriados
Dithmenos
Elyvilon
Fedhas
Gozag
Hepliaklqana
Makhleb
Okawaru
Qazlal
Ru
Sif Muna
Trog
Uskayaw
Wu Jian
Yredelemnul
The Shining One

Shops:
D:2 [   D:9 **


Innate Abilities, Weirdness & Mutations

You are something dangerously unstable.
You glow with magical radiation, making you easy to see and hit.
Foes you strike become dangerously contaminated with magical radiation.
You are incapable of wielding weapons or throwing items.
You cannot wear most types of armour.
You are amphibious.
You can wear up to eight rings at the same time.
Your skin changes colour to match your surroundings (Stealth+).
Your rubbery body absorbs attacks. (AC +1, EV +1)
You are camouflaged when in or above water. (Stealth+)
You have tentacles for arms and can constrict up to eight enemies at once.


Message History

You now have 470 gold pieces (gained 12).
You now have 476 gold pieces (gained 6).
You open the door.
Found a sacrificial altar of Ru.
No target in view!
There is an open door here.
There is a sacrificial altar of Ru here.
You open the door.
There is an open door here.
Found a flail.
No target in view!
Found Gozag's Platinum Reserve.
Found an opulent altar of Gozag.
No target in view!
No target in view!
No target in view!
You enter the deep water.
A centaur comes into view.
A centaur is nearby!
The centaur shouts!
You hear a shout!
The centaur wields a +0 orcbow.
The centaur shoots an arrow.
The arrow closely misses you.
The centaur shoots an arrow.
The arrow barely misses you.
The centaur shoots an arrow.
The arrow barely misses you.
A hornet comes into view.
The centaur shoots an arrow.
The arrow hits you.
The centaur shoots an arrow.
The arrow hits you.
You enter the deep water.
The centaur shoots an arrow.
The arrow hits you.
You miss the hornet. You grab the hornet. You squeeze the hornet.
The hornet is lightly wounded.
You constrict the hornet, but do no damage.
The hornet closely misses you.
The centaur shoots an arrow.
The arrow hits you. The hornet stings you!
You are poisoned.
You suddenly lose the ability to move!
You lose your grip on the hornet.
You feel very sick.
The centaur shoots an arrow.
The arrow hits you! The hornet stings you!
* * * LOW HITPOINT WARNING * * *
You feel yourself slow down.
The centaur shoots an arrow.
The arrow hits you!
You die...

#.....# #
###.#.# #
########.#.# #
..≈≈≈≈≈≈≈#.. #
≈≈≈.....≈##). #
....⌠.⌠.≈# ...
# ._...∩..≈#
..# #
....⌠.⌠.≈# #
≈≈≈.....p# #
..≈≈≈≈≈≈≈y....#
#
###.#.##.##...+
# #.#. #c# ..#
# # #. #.# .# #
.. ... .. # #
### . # # #


You could see a hornet and a centaur.

Vanquished Creatures
  Maggie (D:7)
  A komodo dragon (D:8)
  6 yaks
  Eustachio (D:5)
  A wyvern (D:8)
  A steam dragon (D:7)
  Edmund (D:5)
  2 water moccasins
  3 orc warriors
  A black bear (D:7)
  3 ice beasts
  A sky beast (D:8)
  2 ogres
  2 centaurs (D:7)
  8 kobold brigands
  A bullfrog (D:6)
  2 gnoll sergeants
  4 scorpions
  4 wights (D:8)
  14 killer bees
  2 howler monkeys
  2 hounds
  3 jellies
  2 orc priests
  Ijyb (D:5)
  A sleepcap (D:7)
  10 iguanas
  6 orc wizards
  18 gnolls
  2 river rats (Sewer)
  6 adders
  A shadow imp (D:8)
  2 white imps
  4 ufetubi
  2 worms
  3 dart slugs
  26 orcs
  13 endoplasms
  20 giant cockroaches
  10 goblins
  6 hobgoblins
  5 jackals (D:3)
  20 kobolds
  5 quokkas
  5 ball pythons
  3 bats
  3 frilled lizards
  13 rats
253 creatures vanquished.

Notes
Turn   | Place    | Note
-------+----------+-------------------------------------------
     0 | D:1      | Maxmaps the Octopode Shapeshifter began the quest for the
                  | Orb.
     0 | D:1      | Reached XP level 1. HP: 13/13 MP: 1/1
   133 | D:1      | Reached XP level 2. HP: 18/18 MP: 2/2
   535 | D:1      | Reached XP level 3. HP: 23/23 MP: 3/3
  1031 | D:2      | Found Pewuffud's Antique Armour Shop.
  1374 | D:2      | Reached XP level 4. HP: 25/28 MP: 4/4
  1495 | D:2      | Found a bloodstained altar of Trog.
  1677 | D:3      | Found a glowing drain.
  1701 | Sewer    | Entered a sewer
  1832 | Sewer    | Noticed a kobold brigand
  1845 | Sewer    | Killed a kobold brigand
  1846 | Sewer    | Reached skill level 5 in Shapeshifting
  1846 | Sewer    | Reached XP level 5. HP: 17/33 MP: 5/5
  1983 | Sewer    | Noticed a kobold brigand
  1999 | Sewer    | Killed a kobold brigand
  2000 | Sewer    | Reached XP level 6. HP: 17/38 MP: 6/6
  2498 | Sewer    | Reached XP level 7. HP: 29/43 MP: 7/7
  2835 | D:3      | HP: 2/43 [orc/+0 hand axe (4)]
  3223 | D:4      | Found a glowing golden altar of the Shining One.
  3377 | D:4      | Found a staircase to the Ecumenical Temple.
  3406 | Temple   | Entered the Ecumenical Temple
  3995 | D:5      | Entered Level 5 of the Dungeon
  4004 | D:5      | Noticed Ijyb
  4020 | D:5      | Killed Ijyb
  4195 | D:5      | Noticed Eustachio
  4201 | D:5      | Killed Eustachio
  4206 | D:5      | Reached XP level 8. HP: 44/54 MP: 8/8
  4210 | D:5      | Reached skill level 5 in Fighting
  4374 | D:5      | Reached skill level 1 in Stealth
  4739 | D:5      | Identified a scroll of acquirement
  4739 | D:5      | Acquired the ring of Sepoph {rElec AC+4 Stlth+}
  4915 | D:5      | Noticed Edmund
  4922 | D:5      | HP: 2/55 [Edmund/+6 flail of venom (12)]
  4923 | D:5      | Killed Edmund
  4924 | D:5      | Reached skill level 5 in Stealth
  5148 | D:6      | Reached skill level 1 in Evocations
  5670 | D:6      | Reached skill level 5 in Evocations
  6567 | D:7      | Noticed Maggie
  6581 | D:7      | Reached XP level 9. HP: 58/61 MP: 9/9
  7823 | D:7      | Killed Maggie
  7990 | D:7      | Reached skill level 5 in Dodging
  8489 | D:7      | Reached skill level 4 in Unarmed Combat
  8489 | D:7      | Reached XP level 10. HP: 12/66 MP: 10/10
  8831 | D:8      | Reached skill level 5 in Unarmed Combat
  9044 | D:8      | Found a white marble altar of Elyvilon.
  9174 | D:8      | Reached skill level 6 in Unarmed Combat
  9429 | D:8      | Found a shadowy altar of Dithmenos.
  9694 | D:8      | Reached skill level 7 in Unarmed Combat
 10157 | D:8      | Reached skill level 8 in Unarmed Combat
 10737 | D:9      | Reached skill level 9 in Unarmed Combat
 10959 | D:9      | Found Zucir's Elemental Accessories.
 10977 | D:9      | Found a blossoming altar of Fedhas.
 11493 | D:9      | Found a sacrificial altar of Ru.
 11512 | D:9      | Found Gozag's Platinum Reserve.
 11513 | D:9      | Found an opulent altar of Gozag.
 11520 | D:9      | Paralysed by a hornet for 1 turns
 11521 | D:9      | Shot with an arrow by a centaur

Illustrated notes

Levels and vault maps discovered:
D:1:      matt_arrival_spirals, layout_loops_ring, st_stairs_14
D:2:      minmay_roachtagon, layout_loops_ring, serial_shops,
          nicolae_shop_peninsula, basic_altar, nicolae_figureground_pulse
D:3:      layout_rooms, portal_sewer_entry_a, kennysheep_big_empty_room
D:4:      layout_basic, mainiacjoe_overflow_tiny_flanked,
          minmay_temple_entry_slanted, minivault_11
D:5:      layout_cave_pools, uniq_ijyb, uniq_eustachio, uniq_edmund
D:6:      layout_basic, minmay_microvault
D:7:      layout_basic, minmay_misc_feat_enclosed, grunt_tough_drop, uniq_maggie
D:8:      layout_loops_ring, elyvilon_altar_1, mainiacjoe_overflow_brackets,
          minmay_lizard_king
D:9:      layout_loops_ring, dk_xom_monty_hall, kennysheep_mini,
          nicolae_gozag_zags_fifth_avenue, amcnicky_altar_gilded,
          mainiacjoe_overflow_divided_tiny,
          lemuel_mausoleum_altar_kikubaaqudgha, serial_shops, shop,
          roderic_serpentine_path, minmay_crystal_water, nicolae_elemental_shop
Temple:   compressed_dpeg_circular_temple

Skill      XL: |  1  2  3  4  5  6  7  8  9 10 |
---------------+-------------------------------+-----
Shapeshifting  | 4 5 6 7 |  7.8
Fighting       | 4 5 |  5.0
Stealth        | 5 |  5.2
Evocations     | 6 8 |  8.0
Dodging        | 6 |  6.1
Unarmed Combat | 4 9 |  9.0

Action                     |  1- 3 |  4- 6 |  7- 9 | 10-12 || total
---------------------------+-------+-------+-------+-------++-------
  Melee: Unarmed           |    76 |   109 |   341 |   212 ||   738
         Constrict         |    20 |    27 |    72 |    48 ||   167
         Tentacles         |    14 |    23 |    97 |    65 ||   199
         Punch             |       |     2 |       |       ||     2
  Evoke: Wand              |       |       |       |     8 ||     8
    Use: Potion            |       |     1 |    10 |       ||    11
         Scroll            |       |       |    19 |     3 ||    22
   Stab: Sleeping          |     8 |     3 |     3 |       ||    14
         Paralysed         |       |       |       |     1 ||     1
 Armour: Skin              |    22 |    47 |   251 |    96 ||   416
  Dodge: Dodged            |    33 |    47 |   260 |   128 ||   468
   Form: Flux              |       |       |     1 |       ||     1

Table legend: (Time is in decaauts)
 A = Elapsed time spent in this place.
 B = Non-inter-level travel time spent in this place.
 C = Inter-level travel time spent in this place.
 D = Time resting spent in this place.
 E = Time spent auto-exploring this place.
 F = Levels seen in this place.
 G = Mean time per level.
                   A        B        C        D        E       F      G
               +--------+--------+--------+--------+--------+-----+--------+
         Total |  11463 |  11076 |    387 |   3224 |   6078 |  11 | 1042.1 |
       Dungeon |  10447 |  10116 |    331 |   3054 |   5483 |   9 | 1160.8 |
        Temple |    111 |     55 |     56 |      0 |     54 |   1 |  111.0 |
         Sewer |    904 |    904 |      0 |    170 |    541 |   1 |  904.0 |
               +--------+--------+--------+--------+--------+-----+--------+

Top non-repeatable levels by time:
     D:7: 2362 daAuts
     D:8: 1774 daAuts
     D:6: 1402 daAuts
     D:5: 1140 daAuts
   Sewer: 904 daAuts
     D:1: 869 daAuts
     D:9: 805 daAuts
     D:2: 771 daAuts
     D:4: 728 daAuts
     D:3: 593 daAuts
  Temple: 111 daAuts
